 Dungeon Crawl Stone Soup version 0.31-a0-506-g3d79149578 (webtiles) character file.

Game seed: 2063727712981453843

99 GordonOverkill the Sneak (level 4, -2/46 HPs)
             Began as an Octopode Delver on Aug 9, 2023.
             Slain by Grinder (8 damage)
             ... while paralysed by Grinder
             ... on level 4 of the Dungeon.
             The game lasted 00:01:58 (590 turns).

GordonOverkill the Sneak (Octopode Delver)           Turns: 590, Time: 00:01:59

Health: -2/46      AC: 22    Str: 11    XL:     4   Next: 72%
Magic:  4/4        EV:  2    Int: 14    God:
Gold:   27         SH:  0    Dex: 13    Spells: 3/3 levels left

rFire   . . .        a - +0 short sword
rCold   . . .        (no shield)
rNeg    . . .        (helmet currently unavailable)
rPois   +            (no amulet)
rElec   .            (no ring)
rCorr   .            (no ring)
SInv    .            (no ring)
Will    .....        (no ring)
Stlth   +++          (no ring)
HPRegen 0.27/turn    (no ring)
MPRegen 0.09/turn    (no ring)
                     (no ring)

%: no passive effects
@: paralysed, tree-form, hasted
A: stationary, stasis, torment immunity, boosted hp, almost no armour,
(amphibious), 8 rings, (camouflage 1), (gelatinous body 1), (nimble swimmer 1),
(tentacles)
a: no special abilities


You were on level 4 of the Dungeon.
You were a tree.
You visited 1 branch of the dungeon, and saw 2 of its levels.

You collected 27 gold pieces.

Inventory:

Hand Weapons
 a - a +0 short sword (weapon)
Wands
 f - a wand of digging (3)
Scrolls
 b - a scroll of fog
 c - a scroll of revelation
 d - a scroll of fear
 g - a scroll of enchant armour {unknown}
 i - a scroll of torment {unknown}
 j - a scroll of identify {unknown}
 k - a scroll of vulnerability {unknown}


   Skills:
 - Level 3.0 Fighting
 + Level 4.8 Short Blades
 - Level 2.0 Dodging
 - Level 6.6 Stealth


You had 3 spell levels left.
You didn't know any spells.
Your spell library was empty.

Dungeon Overview and Level Annotations

Branches:
Dungeon (5/15)
 Temple: D:4-7

Altars:
Kikubaaqudgha

Annotations:
D:4 3 runed translucent doors, Grinder


Innate Abilities, Weirdness & Mutations

You are a tree.
Your roots penetrate the ground, keeping you stationary.
You cannot be teleported.
You are immune to unholy pain and torment.
Your maximum health is greatly increased.
You cannot wear most types of armour.
((You are amphibious.))
You can wear up to eight rings at the same time.
((Your skin changes colour to match your surroundings (Stealth+).))
((Your rubbery body absorbs attacks. (AC +1, EV +1)))
((You are camouflaged when in or above water. (Stealth+)))
((You have tentacles for arms and can constrict up to eight enemies at once.))


Message History

* * * LOW HITPOINT WARNING * * *
You hit Grinder.
Grinder is severely wounded.
You hit Grinder.
Grinder is severely wounded.
Grinder hits you but does no damage.
You closely miss Grinder.
Grinder is severely wounded.
You hit Grinder.
Grinder is severely wounded.
Grinder hits you but does no damage.
You hit Grinder.
Grinder is almost dead.
You closely miss Grinder.
Grinder is almost dead.
Grinder hits you.
* * * LOW HITPOINT WARNING * * *
You hit Grinder but do no damage.
Grinder is almost dead.
You barely miss Grinder.
Grinder is almost dead.
Grinder hits you but does no damage.
You hit Grinder.
Grinder is almost dead.
You barely miss Grinder.
Grinder is almost dead.
Grinder blinks!
You cannot move.
You cannot move.
Unknown command.
Okay, then.
Unknown command.
You hit Grinder but do no damage.
Grinder is almost dead.
Grinder grins, showing sharp teeth.
Grinder gestures at you.
You suddenly lose the ability to move!
Grinder hits you but does no damage. x2
Grinder hits you!
You die...

..........................#
######......#############.#
#...##.# #.# #...##.# #.#
#>..##.# #.# #...#..# #.#
#.###.## #.# #.# . #######
#.# #.# #..♣5.# #.# ..
.?_....###.######.# .....##
#........# §... ##########
.. ##. ## .. . .


You could see Grinder.

Vanquished Creatures
  3 hounds (D:4)
  A worm (D:5)
  An orc (D:5)
  A giant cockroach (D:4)
  2 hobgoblins (D:4)
  A kobold (D:5)
  A ball python (D:4)
10 creatures vanquished.

Notes
Turn   | Place    | Note
-------+----------+-------------------------------------------
     0 | D:5      | GordonOverkill the Octopode Delver began the quest for the
                  | Orb.
     0 | D:5      | Reached XP level 1. HP: 16/16 MP: 1/1
   108 | D:5      | Noticed an orc wizard
   108 | D:5      | Noticed an orc wizard
   109 | D:5      | Noticed an orc wizard
   109 | D:5      | Noticed a kobold brigand
   118 | D:5      | Reached XP level 2. HP: 19/21 MP: 2/2
   183 | D:4      | Noticed an ogre
   187 | D:4      | Found a runed translucent gate.
   242 | D:4      | Reached XP level 3. HP: 15/26 MP: 3/3
   382 | D:4      | Found a runed translucent gate.
   382 | D:4      | Found a runed translucent gate.
   391 | D:5      | Noticed a black bear
   420 | D:4      | Reached XP level 4. HP: 20/31 MP: 4/4
   525 | D:4      | Found an ancient bone altar of Kikubaaqudgha.
   526 | D:4      | Noticed Grinder
   549 | D:4      | Paralysed by Grinder for 5 turns
   587 | D:4      | Paralysed by Grinder for 3 turns
   590 | D:4      | Slain by Grinder

Illustrated notes

Levels and vault maps discovered:
D:4:      layout_basic, nicolae_kikubaaqudgha_miasma_corner,
          minmay_temple_entry_fiery, gammafunk_ghost_split, grunt_ministairs_9,
          uniq_grinder
D:5:      layout_loops_ring

Skill      XL: |  1  2  3 |
---------------+----------+-----
Short Blades   | 3 4 |  4.8
Fighting       | |  3.0
Dodging        | |  2.0
Stealth        | |  6.6

Action                     |  1- 3 |  4- 6 || total
---------------------------+-------+-------++-------
  Melee: Short sword       |    24 |    48 ||    72
         Constrict         |     7 |     2 ||     9
         Tentacles         |     5 |       ||     5
         Punch             |     2 |       ||     2
    Use: Potion            |       |     2 ||     2
   Stab: Sleeping          |     2 |       ||     2
 Armour: Skin              |     1 |    18 ||    19
  Dodge: Dodged            |    18 |     4 ||    22

Table legend: (Time is in decaauts)
 A = Elapsed time spent in this place.
 B = Non-inter-level travel time spent in this place.
 C = Inter-level travel time spent in this place.
 D = Time resting spent in this place.
 E = Time spent auto-exploring this place.
 F = Levels seen in this place.
 G = Mean time per level.
                   A        B        C        D        E       F      G
               +--------+--------+--------+--------+--------+-----+--------+
         Total |    563 |    563 |      0 |    117 |      0 |   2 |  281.5 |
       Dungeon |    563 |    563 |      0 |    117 |      0 |   2 |  281.5 |
               +--------+--------+--------+--------+--------+-----+--------+

Top non-repeatable levels by time:
     D:4: 406 daAuts
     D:5: 156 daAuts
